 Dungeon Crawl Stone Soup version 0.30-a0-913-g9934a0ce24 (webtiles) character file.

Game seed: 109984782114134221

434 cheesebisquit the Skirmisher (level 6, 0/50 HPs)
             Began as a Minotaur Hunter on Mar 19, 2023.
             Was an Initiate of Qazlal.
             Slain by a hound (1 damage)
             ... on level 4 of the Dungeon.
             The game lasted 00:13:05 (3524 turns).

cheesebisquit the Skirmisher (Minotaur Hunter)      Turns: 3524, Time: 00:13:05

Health: 0/50       AC:  4    Str: 15    XL:     6   Next: 67%
Magic:  14/14      EV: 12    Int:  6    God:    Qazlal [......]
Gold:   225        SH:  0    Dex: 16    Spells: 5/5 levels left

rFire   . . .      SeeInvis .    a - +0 shortbow
rCold   . . .      Faith    .    (shield currently unavailable)
rNeg    . . .      Spirit   .    c - +0 leather armour
rPois   .          Reflect  .    (helmet restricted)
rElec   .          Rampage  .    (no cloak)
rCorr   .          Clarity  +    (no gloves)
Will    .....                    q - +0 pair of boots
Stlth   +                        (no amulet)
HPRegen 0.28/turn                k - ring of magical power
MPRegen 0.14/turn                (no ring)

@: no status effects
A: horns 2, retaliatory headbutt, fangs 1, clarity
a: Renounce Religion


You were on level 4 of the Dungeon.
You worshipped Qazlal.
Qazlal was noncommittal.
You visited 2 branches of the dungeon, and saw 6 of its levels.

You collected 225 gold pieces.

Inventory:

Hand Weapons
 a - a +0 shortbow (weapon)
Missiles
 h - 5 poisoned darts
Armour
 c - a +0 leather armour (worn)
 q - a +0 pair of boots (worn)
Jewellery
 k - a ring of magical power (left hand)
Wands
 u - a wand of quicksilver (7)
 v - a wand of roots (1)
Scrolls
 b - 2 scrolls of immolation
 d - 3 scrolls of identify
 e - a scroll of teleportation {unknown}
 f - a scroll of silence {unknown}
 i - a scroll of butterflies {unknown}
 m - a scroll of vulnerability
 o - a scroll of enchant weapon {unknown}
 t - a scroll of fog {unknown}
Potions
 l - a potion of brilliance
 p - a potion of mutation
 r - a potion of heal wounds {unknown}
 s - a potion of lignification {unknown}


   Skills:
 - Level 2.4 Fighting
 + Level 8.9 Ranged Weapons
 - Level 2.1 Dodging
 - Level 0.7 Stealth


You had 5 spell levels left.
You didn't know any spells.
Your spell library contained the following spells:

 Spells                   Type           Power      Damage    Failure   Level
 Slow                     Hex            0%         N/A       52%         1
 Sting                    Tmut/Pois      0%         1d3       52%         1
 Poisonous Vapours        Pois/Air       0%         N/A       67%         2
 Confusing Touch          Hex            0%         N/A       88%         3
 Vampiric Draining        Necr           0%         2d6       88%         3
 Olgreb's Toxic Radiance  Pois           0%         N/A       99%         4


Dungeon Overview and Level Annotations

Branches:
Dungeon (5/15)             Temple (1/1) D:4

Altars:
Ashenzari
Cheibriados
Elyvilon
Fedhas
Hepliaklqana
Kikubaaqudgha
Okawaru
Qazlal
Ru
Sif Muna
Uskayaw
Vehumet
Xom
Zin
The Shining One

Annotations:
D:2 Sigmund
D:5 Edmund


Innate Abilities, Weirdness & Mutations

You have a pair of horns on your head.
You reflexively headbutt those who attack you in melee.
You have very sharp teeth.
You possess an exceptional clarity of mind.


Message History

The hound attacks as you move away! The hound bites you.
* * * LOW HITPOINT WARNING * * *
The hound bites you.
* * * LOW HITPOINT WARNING * * *
The hound attacks as you move away! The hound bites you but does no damage.
The hound bites you but does no damage. Edmund attacks as you move away!
Edmund closely misses you. Edmund attacks as you move away!
Edmund hits you with a +0 dire flail of pain!
* * * LOW HITPOINT WARNING * * *
The hound misses you. You furiously retaliate!
You headbutt the hound.
You feel better. The hound closely misses you.
The hound attacks as you move away! The hound barely misses you.
Edmund attacks as you move away! Edmund barely misses you.
You furiously retaliate!
You headbutt Edmund. The hound bites you.
* * * LOW HITPOINT WARNING * * *
There is a stone staircase leading up here.
The hound bites you but does no damage. The hound bites you.
* * * LOW HITPOINT WARNING * * *
You climb upwards.
There is a stone staircase leading down here.
You fade into invisibility!
The hound barely misses you. The hound barely misses you. x2
The hound bites you but does no damage. The hound attacks as you move away!
The hound bites you.
* * * LOW HITPOINT WARNING * * *
The hound bites you but does no damage. The hound attacks as you move away!
The hound closely misses you. The hound closely misses you.
The hound attacks as you move away! The hound bites you.
* * * LOW HITPOINT WARNING * * *
The hound bites you but does no damage.
It was a potion of cancellation.
Your magical effects are unravelling.
You feel magically purged.
You flicker back into view.
You feel a little less clever now.
You feel your willpower return. The hound bites you.
You die...

...................#...........#.
...###...###.....................
...# #.⌠.# ####....#.............
.#####...####....................
...............................##
.................................
.......h..........#...#.#........
..................#..............
.......<........@.#.#.#..........
.............(...h#.#.#..........
.................................
.................................
.........#...............>#..)...
.........#.......................
.........#............#...#......
#........###...........)..+......
##....................##..#......


You could see a hound (weak-willed).

Vanquished Creatures
  2 scorpions (D:4)
  An orc priest (D:3)
  A sleepcap (D:4)
  Jessica (D:3)
  An iguana (D:4)
  Natasha (thrice) (D:4)
  Robin (D:3)
  4 adders
  2 worms (D:4)
  3 dart slugs
  4 orcs
  An endoplasm (D:1)
  A giant cockroach (D:1)
  14 goblins
  9 hobgoblins
  4 jackals (D:4)
  4 kobolds
  5 quokkas
  4 ball pythons
  5 bats
  4 frilled lizards
  A rat (D:3)
75 creatures vanquished.

Notes
Turn   | Place    | Note
-------+----------+-------------------------------------------
     0 | D:1      | cheesebisquit the Minotaur Hunter began the quest for the
                  | Orb.
     0 | D:1      | Reached XP level 1. HP: 18/18 MP: 0/0
   100 | D:1      | Reached XP level 2. HP: 25/25 MP: 1/1
   109 | D:1      | Reached skill level 5 in Ranged Weapons
   609 | D:2      | Noticed Sigmund
   703 | D:2      | Reached XP level 3. HP: 30/30 MP: 2/2
  1468 | D:2      | Identified the +0 cloak of Petu Xafewk {rPois rN++ Dex-5}
  1529 | D:3      | Noticed Jessica
  1538 | D:3      | Killed Jessica
  1539 | D:3      | Reached skill level 6 in Ranged Weapons
  1539 | D:3      | Reached XP level 4. HP: 37/37 MP: 3/3
  1884 | D:3      | Noticed Robin
  2031 | D:3      | Killed Robin
  2032 | D:3      | Reached skill level 7 in Ranged Weapons
  2032 | D:3      | Reached XP level 5. HP: 42/42 MP: 4/4
  2239 | D:4      | Noticed Natasha
  2244 | D:4      | Killed Natasha
  2703 | D:4      | Reached skill level 8 in Ranged Weapons
  2835 | D:4      | Found a staircase to the Ecumenical Temple.
  2844 | Temple   | Entered the Ecumenical Temple
  2844 | Temple   | Found a transporter.
  2844 | Temple   | Found a transporter.
  2846 | Temple   | Found a transporter.
  2846 | Temple   | Found a transporter.
  2872 | Temple   | Became a worshipper of Qazlal Stormbringer
  2900 | D:4      | Reached XP level 6. HP: 50/50 MP: 5/5
  3062 | D:4      | Noticed Natasha
  3065 | D:4      | Killed Natasha
  3360 | D:5      | Entered Level 5 of the Dungeon
  3382 | D:4      | Noticed Natasha
  3386 | D:4      | Killed Natasha
  3493 | D:5      | Noticed Edmund
  3498 | D:5      | Gained mutation: You possess an exceptional clarity of
                  | mind. [potion of mutation]
  3498 | D:5      | Gained mutation: You have very sharp teeth. [potion of
                  | mutation]
  3523 | D:4      | HP: 1/50 [hound (4)]
  3524 | D:4      | Slain by a hound

Illustrated notes

Levels and vault maps discovered:
D:1:      lemuel_arrival_lava_pool, layout_basic
D:2:      layout_basic, uniq_sigmund
D:3:      layout_rooms, uniq_robin, uniq_jessica
D:4:      layout_basic, minmay_temple_entry_junction, uniq_natasha
D:5:      layout_loops_ring, grunt_gozag_breadcrumbs, uniq_pikel, uniq_edmund,
          uniq_menkaure
Temple:   hellmonk_temple_divided_pantheon

Skill      XL: |  1  2  3  4  5 |
---------------+----------------+-----
Ranged Weapons | 5 6 7 8 |  8.9
Fighting       | |  2.4
Dodging        | |  2.1
Stealth        | |  0.7

Action                     |  1- 3 |  4- 6 || total
---------------------------+-------+-------++-------
   Fire: Shortbow          |    72 |   179 ||   251
    Use: Potion            |       |     6 ||     6
         Scroll            |       |     2 ||     2
 Armour: Leather armour    |     3 |    19 ||    22
  Dodge: Dodged            |    10 |    60 ||    70

Table legend: (Time is in decaauts)
 A = Elapsed time spent in this place.
 B = Non-inter-level travel time spent in this place.
 C = Inter-level travel time spent in this place.
 D = Time resting spent in this place.
 E = Time spent auto-exploring this place.
 F = Levels seen in this place.
 G = Mean time per level.
                   A        B        C        D        E       F      G
               +--------+--------+--------+--------+--------+-----+--------+
         Total |   3578 |   3102 |    476 |    347 |   2012 |   6 |  596.3 |
       Dungeon |   3538 |   3080 |    458 |    347 |   2006 |   5 |  707.6 |
        Temple |     40 |     22 |     18 |      0 |      6 |   1 |   40.0 |
               +--------+--------+--------+--------+--------+-----+--------+

Top non-repeatable levels by time:
     D:4: 1149 daAuts
     D:2: 902 daAuts
     D:1: 858 daAuts
     D:3: 588 daAuts
  Temple: 40 daAuts
     D:5: 38 daAuts
